 Seeded DCSS version 0.30-a0-859-gf88a04b62d (webtiles) character file.

Game seed: 18242870539230726858 (custom seed)

2837 bmack86 the Cleaver (level 9, -1/79 HPs)
             Began as a Minotaur Fighter on Mar 6, 2023.
             Was a Priest of Okawaru.
             Slain by an orc warlord
             ... wielding a +7 battleaxe
              (15 damage)
             ... in a bailey.
             The game lasted 00:16:40 (5396 turns).

bmack86 the Cleaver (Minotaur Fighter)              Turns: 5396, Time: 00:16:40

Health: -1/79      AC: 18    Str: 29    XL:     9   Next: 46%
Magic:  10/10      EV:  7    Int:  5    God:    Okawaru [***...]
Gold:   385        SH:  5    Dex:  9    Spells: 8/8 levels left

rFire   . . .      SeeInvis .    D - +3 broad axe "Lerchi" {freeze, rC+ rCorr Str+3}
rCold   + + .      Faith    .    c - +0 buckler
rNeg    . . .      Spirit   .    s - +0 plate armour
rPois   +          Reflect  .    (helmet restricted)
rElec   .          Rampage  .    G - +1 cloak
rCorr   +                        (no gloves)
Will    .....                    j - +2 pair of boots {Fly} Stlth
                                 q - amulet of regeneration
HPRegen 1.13/turn                k - ring of poison resistance
MPRegen 0.12/turn                b - ring of Daisies {rPois rC+ Slay+3}

@: mighty, flying, hasted, invisible, very quick
A: horns 2, retaliatory headbutt
a: Renounce Religion, Heroism


You were in a bailey.
You worshipped Okawaru.
Okawaru was most pleased with you.
You visited 2 branches of the dungeon, and saw 8 of its levels.
You also visited: Bailey.

You collected 559 gold pieces.
You spent 174 gold pieces at shops.

Inventory:

Hand Weapons
 a - a +0 war axe
 D - the +3 broad axe "Lerchi" (weapon) {freeze, rC+ rCorr Str+3}
   (You acquired it on level 5 of the Dungeon)

   Str:       It affects your strength (+3).
   rC:        It protects you from cold.
   rCorr:     It protects you from acid and corrosion.
Missiles
 H - 19 boomerangs (quivered)
Armour
 c - a +0 buckler (worn)
 j - a +2 pair of boots of flying (worn)
 s - a +0 plate armour (worn)
 C - a +1 chain mail of willpower
 G - a +1 cloak (worn)
Jewellery
 b - the ring of Daisies (right hand) {rPois rC+ Slay+3}
   (You acquired it on level 7 of the Dungeon)

   [ring of protection from cold]

   Slay:      It affects your accuracy & damage with ranged weapons and melee
   (+3).
   rC:        It protects you from cold.
   rPois:     It protects you from poison.
 k - a ring of poison resistance (left hand)
 q - an amulet of regeneration (around neck)
 z - a ring of flight
Scrolls
 f - a scroll of fear {unknown}
 h - 3 scrolls of vulnerability {unknown}
 i - 9 scrolls of identify
 l - 3 scrolls of enchant weapon {unknown}
 o - 4 scrolls of teleportation {unknown}
 r - a scroll of torment {unknown}
 t - 2 scrolls of immolation {unknown}
 u - a scroll of fog {unknown}
 w - 2 scrolls of poison {unknown}
 x - 3 scrolls of blinking {unknown}
 y - 2 scrolls of noise {unknown}
 E - a scroll of enchant armour {unknown}
 F - a scroll of magic mapping {unknown}
 J - a scroll of butterflies {unknown}
Potions
 e - 2 potions of attraction {unknown}
 g - 3 potions of mutation {unknown}
 m - a potion of invisibility
 n - a potion of degeneration {unknown}
 v - a potion of magic {unknown}
 A - 3 potions of curing
 B - 2 potions of lignification {unknown}
 I - 2 potions of heal wounds {unknown}
 K - a potion of resistance {unknown}


   Skills:
 + Level 7.4 Fighting
 * Level 9.1 Axes
 + Level 3.9 Throwing
 + Level 7.2 Armour
 + Level 7.1 Shields
 + Level 3.9 Invocations


You had 8 spell levels left.
You didn't know any spells.
Your spell library contained the following spells:

 Spells                   Type           Power      Damage    Failure   Level
 Kiss of Death            Conj/Necr      0%         2d5       99%         1
 Magic Dart               Conj           0%         1d3       99%         1
 Lesser Beckoning         Tloc           0%         N/A       100%        2
 Confusing Touch          Hex            0%         N/A       100%        3
 Gell's Gravitas          Tloc           0%         N/A       100%        3
 Mephitic Cloud           Conj/Pois/Air  0%         N/A       100%        3
 Teleport Other           Tloc           0%         N/A       100%        3
 Dispel Undead            Necr           0%         3d6       100%        4
 Call Imp                 Summ           Unusable   N/A       N/A         2

Dungeon Overview and Level Annotations

Branches:
Dungeon (7/15)             Temple (1/1) D:6          Bailey (1/1)

Altars:
Cheibriados
Gozag
Kikubaaqudgha
Okawaru
Qazlal
Ru
Trog
Vehumet
Wu Jian
Yredelemnul
Zin
The Shining One

Shops:
D:1 ((*[*   D:2 *   D:6 *

Annotations:
Temple 2 transporters


Innate Abilities, Weirdness & Mutations

You have a pair of horns on your head.
You reflexively headbutt those who attack you in melee.


Message History

You now have 368 gold pieces (gained 19).
l - 3 scrolls labelled ZUSI RYIMEBAANG (gained 1)
m - 2 potions of invisibility (gained 1)
o - 4 scrolls labelled KIUTAKH ROWEHO (gained 1)
I - 2 brown potions (gained 1)
You now have 385 gold pieces (gained 17).
There is an open door here.
Okay, then.
You fade into invisibility!
There is an open door here.
You gain the combat prowess of a mighty hero.
The orc warlord shouts!
You feel like a meek peon again.
You reach down and open the gate.
There is an open translucent gate here.
You hit the orc warlord but do no damage.
You headbutt the orc warlord.
The orc warlord is lightly wounded.
The orc warlord splashes around in the water.
You hit the orc warlord. You freeze the orc warlord.
Your headbutt misses the orc warlord.
The orc warlord is lightly wounded.
The orc warlord hits you with a +7 battleaxe!
You completely miss the orc warlord. Your headbutt misses the orc warlord.
The orc warlord is lightly wounded.
The orc warlord hits you with a +7 battleaxe!!
You closely miss the orc warlord. Your headbutt misses the orc warlord.
The orc warlord is lightly wounded.
The orc warlord hits you with a +7 battleaxe!!
* * * LOW HITPOINT WARNING * * *
The orc warlord completely misses you.
You hit the orc warlord but do no damage.
The orc warlord is lightly wounded.
The orc warlord hits you with a +7 battleaxe!
* * * LOW HITPOINT WARNING * * *
You feel very mighty all of a sudden. You block the orc warlord's attack.
You feel yourself speed up.
The orc warlord hits you with a +7 battleaxe!
You die...

##.....##.......##.....#
##.......##~~~~~##...8...
##..8..8...#~~~~~#........
#..........#~~))~#........
#..........'...).†....8..8
#...8......#########......
##......####~~~#~~~##.....
##.....#o~#~.....[~#.....
##....#@........?~#....#
#...##~8.8...8.8##....#
#...'~~.........#.....'
#...'~~....∩....#.....'
#...'~~........o#.....'
#...##~8.8...8.8##..†.#
##....#~........?~#.)..#
##.....#~~#~.....[~#.....
##......####~~~#~~~##†....


You could see an orc warlord (unable to see you).

Vanquished Creatures
  2 orc knights (Bailey)
  Sigmund (D:2)
  A water moccasin (D:5)
  4 black bears
  3 orc warriors (Bailey)
  An ogre (D:4)
  A centaur (D:6)
  3 phantoms
  A scorpion (D:4)
  3 hounds
  3 iguanas
  A sleepcap (D:5)
  4 orc wizards (D:5)
  11 gnolls
  8 adders
  A shadow imp (D:6)
  A white imp (D:6)
  An ufetubus (D:6)
  A worm (D:2)
  2 dart slugs
  10 orcs
  7 ball pythons
  6 endoplasms
  7 giant cockroaches
  19 goblins
  6 hobgoblins
  3 quokkas
  9 bats
  15 frilled lizards
  20 kobolds
  6 rats
161 creatures vanquished.

Vanquished Creatures (others)
  6 plants (D:1)
6 creatures vanquished.

Grand Total: 167 creatures vanquished

Notes
Turn   | Place    | Note
-------+----------+-------------------------------------------
     0 | D:1      | bmack86 the Minotaur Fighter began the quest for the Orb.
     0 | D:1      | Reached XP level 1. HP: 19/19 MP: 0/0
   261 | D:1      | Reached XP level 2. HP: 18/27 MP: 1/1
   262 | D:1      | Found Iczoal's Antique Armour Shop.
   420 | D:1      | Found Mapt's Weapon Shop.
   429 | D:1      | Reached skill level 3 in Axes
   474 | D:1      | Found Ridunu's General Store.
   501 | D:1      | Bought a scroll of identify for 20 gold pieces
   617 | D:1      | Found Gaux's General Store.
   795 | D:1      | Found Mazynewu's Weapon Shoppe.
  1014 | D:2      | Noticed Sigmund
  1023 | D:2      | Killed Sigmund
  1024 | D:2      | Reached skill level 4 in Axes
  1024 | D:2      | Reached XP level 3. HP: 24/34 MP: 2/2
  1024 | D:2      | Reached XP level 4. HP: 28/41 MP: 3/3
  1024 | D:2      | Reached XP level 5. HP: 33/47 MP: 4/4
  1226 | D:2      | Identified the +0 leather armour of Xuytoo {rF++ rN+}
  1501 | D:2      | Found Qerurash's Assorted Antiques.
  1512 | D:2      | Bought a thin malachite amulet for 125 gold pieces
  1652 | D:2      | Reached skill level 5 in Axes
  1806 | D:2      | Reached XP level 6. HP: 55/55 MP: 5/5
  1894 | D:3      | Reached skill level 5 in Fighting
  1894 | D:3      | Reached skill level 5 in Armour
  1894 | D:3      | Reached skill level 5 in Shields
  2613 | D:4      | Found a sacrificial altar of Ru.
  2614 | D:4      | Found an iron altar of Okawaru.
  2624 | D:4      | Became a worshipper of Warmaster Okawaru
  2649 | D:4      | Reached XP level 7. HP: 55/61 MP: 6/6
  2730 | D:4      | Found an opulent altar of Gozag.
  2816 | D:4      | Reached skill level 6 in Axes
  2816 | D:4      | Reached skill level 1 in Throwing
  3343 | D:5      | Entered Level 5 of the Dungeon
  3370 | D:5      | Reached skill level 1 in Invocations
  3448 | D:5      | Reached * piety under Okawaru
  3564 | D:5      | Identified the +0 quarterstaff "Mujap" {heavy, Will+}
  3629 | D:5      | Reached XP level 8. HP: 63/70 MP: 8/8
  3652 | D:5      | Reached skill level 7 in Axes
  3663 | D:5      | Reached ** piety under Okawaru
  4024 | D:5      | Identified a scroll of acquirement
  4024 | D:5      | Acquired the +3 broad axe "Lerchi" {freeze, rC+ rCorr
                  | Str+3}
  4231 | D:6      | Found Yffurim's Assorted Antiques.
  4234 | D:6      | Bought a scroll labelled ZUSI RYIMEBAANG for 29 gold pieces
  4540 | D:6      | Found a staircase to the Ecumenical Temple.
  4556 | Temple   | Entered the Ecumenical Temple
  4556 | Temple   | Found a transporter.
  4556 | Temple   | Found a transporter.
  4745 | D:6      | Found a snail-covered altar of Cheibriados.
  4773 | D:6      | Found an ornate altar of the Wu Jian Council.
  5002 | D:7      | Acquired the ring of Daisies {rPois rC+ Slay+3}
  5078 | D:7      | Found a flagged portal.
  5088 | Bailey   | Entered a bailey
  5093 | Bailey   | Noticed an orc warlord
  5201 | Bailey   | Noticed an orc knight
  5205 | Bailey   | Reached skill level 8 in Axes
  5216 | Bailey   | Killed an orc knight
  5216 | Bailey   | Reached *** piety under Okawaru
  5217 | Bailey   | Reached XP level 9. HP: 79/79 MP: 7/10
  5262 | Bailey   | Noticed an orc knight
  5275 | Bailey   | Killed an orc knight
  5276 | Bailey   | Reached skill level 9 in Axes
  5316 | Bailey   | Found a runed translucent gate.
  5319 | Bailey   | Found a runed translucent gate.
  5321 | Bailey   | Found a runed translucent gate.
  5396 | Bailey   | Slain by an orc warlord

Illustrated notes

Levels and vault maps discovered:
D:1:      dpeg_arrival_stone_temple_mockup, layout_basic, serial_shops, shop,
          shop_statue, shop_statue, nicolae_shop_advertising_works
          [nicolae_subvault_shop_adworks], nicolae_shop_bloodbath_and_beyond,
          minmay_lizard_king
D:2:      layout_loops_ring, serial_shops, nicolae_lakefront_shop,
          minmay_pentomino_pile, uniq_sigmund
D:3:      layout_loops_ring
D:4:      layout_cave_pods, grunt_gozag_statues,
          mainiacjoe_overflow_divided_tiny
D:5:      minmay_angry_zag, layout_gridville
D:6:      layout_basic, mainiacjoe_overflow_two_lobes,
          minmay_temple_entry_slanted, serial_shops, nicolae_stop_n_shop_2,
          hangedman_decor_growths
D:7:      layout_layer_cave, enter_bailey_3, ebering_ghost_reflecting_pool
Temple:   hellmonk_temple_divided_pantheon
Bailey:   bailey_axe_bossmonster_kennysheep, bailey

Skill      XL: |  1  2  3  4  5  6  7  8  9 |
---------------+----------------------------+-----
Axes           | 4 5 6 8 9 |  9.1
Fighting       | 4 5 6 7 |  7.4
Armour         | 4 5 6 7 |  7.2
Shields        | 4 5 6 7 |  7.1
Throwing       | 2 3 |  3.9
Invocations    | 2 3 |  3.9

Action                     |  1- 3 |  4- 6 |  7- 9 || total
---------------------------+-------+-------+-------++-------
  Melee: War axe           |    46 |   125 |    87 ||   258
         Headbutt          |     5 |    21 |    26 ||    52
         Broad axe         |       |       |    59 ||    59
  Throw: Boomerang         |       |     4 |     5 ||     9
 Invoke: Heroism           |       |       |     3 ||     3
    Use: Scroll            |       |       |     5 ||     5
         Potion            |       |       |     3 ||     3
 Armour: Scale mail        |    29 |    38 |       ||    67
         Plate armour      |       |    50 |   118 ||   168
         Chain mail        |       |       |    19 ||    19
  Dodge: Dodged            |    22 |    64 |    69 ||   155
  Block: Buckler           |     6 |    37 |    46 ||    89

Table legend: (Time is in decaauts)
 A = Elapsed time spent in this place.
 B = Non-inter-level travel time spent in this place.
 C = Inter-level travel time spent in this place.
 D = Time resting spent in this place.
 E = Time spent auto-exploring this place.
 F = Levels seen in this place.
 G = Mean time per level.
                   A        B        C        D        E       F      G
               +--------+--------+--------+--------+--------+-----+--------+
         Total |   5476 |   5285 |    191 |      0 |   3546 |   9 |  608.4 |
       Dungeon |   5161 |   4970 |    191 |      0 |   3546 |   7 |  737.3 |
        Temple |      1 |      1 |      0 |      0 |      0 |   1 |    1.0 |
        Bailey |    313 |    313 |      0 |      0 |      0 |   1 |  313.0 |
               +--------+--------+--------+--------+--------+-----+--------+

Top non-repeatable levels by time:
     D:1: 1024 daAuts
     D:5: 901 daAuts
     D:4: 867 daAuts
     D:2: 855 daAuts
     D:6: 731 daAuts
     D:3: 654 daAuts
  Bailey: 313 daAuts
     D:7: 126 daAuts
  Temple: 1 daAuts
